 Dungeon Crawl Stone Soup version 0.19-a0-1007-g133f65f (webtiles) character file.

5409 grendalor the Thaumaturge (level 10, -1/69 HPs)
             Began as a Pale Draconian Wizard on July 21, 2016.
             Was a Believer of Vehumet.
             Slain by a sixfirhy (9 damage)
             ... summoned by a kobold demonologist
             ... on level 10 of the Dungeon.
             The game lasted 00:46:02 (15351 turns).

grendalor the Thaumaturge (Pale Draconian Wizard)  Turns: 15351, Time: 00:46:02

Health: -1/69      AC: 12    Str:  9    XL:     10   Next: 40%
Magic:  0/22       EV: 13    Int: 21    God:    Vehumet [**....]
Gold:   614        SH:  5    Dex: 11    Spells: 7 memorised, 11 levels left

rFire  + . .     SeeInvis .     S - staff of fire
rCold  . . .     Gourm    .     (armour unavailable)
rNeg   . . .     Faith    .     k - +0 buckler
rPois  .         Spirit   .     a - +2 hat
rElec  .         Dismiss  .     g - +2 cloak
rCorr  .         Reflect  .     (no gloves)
SustAt .         Harm     .     (no boots)
MR     .....                    (no amulet)
Stlth  ++........               (no ring)
                                (no ring)

@: not resistant to hostile enchantments, unstealthy
A: breathe steam, unfitting armour, cold-blooded, AC +7
a: Breathe Steam, Renounce Religion


You were on level 10 of the Dungeon.
You worshipped Vehumet.
Vehumet was pleased with you.
You were not hungry.

You visited 2 branches of the dungeon, and saw 11 of its levels.

You collected 614 gold pieces.

Inventory:

Hand Weapons
 o - a +4 short sword
 r - a cursed -1 short sword
 x - a +2 flail of holy wrath
 B - a +2 quarterstaff of chaos
 H - a +3 dagger of freezing
 V - a cursed +0 blowgun
Missiles
 O - 28 poisoned needles
 W - a throwing net (quivered)
Armour
 a - a +2 hat (worn)
 g - a +2 cloak (worn)
 k - a +0 buckler (worn)
 Y - a +0 shield
Magical Staves
 S - an uncursed staff of fire (weapon)
Jewellery
 j - an uncursed amulet of regeneration
 D - an uncursed ring of wizardry {unknown}
Wands
 q - a wand of slowing (38/48)
 y - a wand of enslavement (17/24)
 F - a wand of flame (22/48)
 I - a wand of teleportation (6/9)
 K - a wand of digging (9/24)
 U - a wand of paralysis (3/24)
 X - a wand of flame (21/48)
Scrolls
 d - 3 scrolls of magic mapping
 f - a scroll of recharging
 l - 4 scrolls of remove curse
 n - 3 scrolls of teleportation
 w - 2 scrolls of fear
 z - 2 scrolls of random uselessness
 G - 4 scrolls of identify
 T - a scroll of silence {unknown}
Potions
 e - 3 potions of flight
 i - 2 potions of brilliance
 m - a potion of mutation
 p - 2 potions of ambrosia
 s - a potion of berserk rage {unknown}
 t - 2 potions of magic
 v - 2 potions of might
 A - 3 potions of degeneration {unknown}
 J - 2 potions of heal wounds {unknown}
 M - 3 potions of curing {unknown}
 N - a potion of lignification {unknown}
Books
 b - a book of Minor Magic

   Spells                             Type                      Level
   a - Magic Dart                     Conjuration                  1
   b - Blink                          Translocation                2
   c - Call Imp                       Summoning                    2
   d - Repel Missiles                 Charms/Air                   2
   e - Slow                           Hexes                        2
   f - Conjure Flame                  Conjuration/Fire             3
   g - Mephitic Cloud                 Conjuration/Poison/Air       3
 E - a book of Power

   Spells                             Type                      Level
   a - Fulminant Prism                Conjuration/Hexes            4
   b - Iskenderun's Mystic Blast      Conjuration                  4
   c - Venom Bolt                     Conjuration/Poison           5
   d - Bolt of Magma                  Conjuration/Fire/Earth       5
   e - Iron Shot                      Conjuration/Earth            6
   f - Orb of Destruction             Conjuration                  7
   g - Spellforged Servitor           Conjuration/Summoning        7
 L - the Almanac of Contamination and the Voyage
   (You found it on level 4 of the Dungeon)

   Spells                             Type                      Level
   a - Apportation                    Translocation                1
   b - Blink                          Translocation                2
   c - Ignite Poison                  Fire/Transmutation/Poison    3
   d - Portal Projectile              Translocation                3
   e - Teleport Other                 Translocation                3
   f - Spider Form                    Transmutation/Poison         3
   g - Alistair's Intoxication        Transmutation/Poison         5
Comestibles
 c - 8 bread rations
 h - 9 beef jerkies
 u - 3 chunks of flesh
 C - a royal jelly
 P - 4 fruits
 Q - a meat ration


   Skills:
 + Level 3.6 Dodging
 - Level 2.3 Stealth
 - Level 5.0 Shields
 - Level 0.2 Unarmed Combat
 * Level 8.4 Spellcasting
 * Level 8.0 Conjurations
 - Level 1.0 Summonings
 - Level 1.0 Translocations
 * Level 7.0 Fire Magic
 + Level 4.8 Air Magic


You had 11 spell levels left.
You knew the following spells:

 Your Spells              Type           Power        Failure   Level  Hunger
a - Magic Dart            Conj           ####         1%          1    None
b - Blink                 Tloc           N/A          10%         2    None
c - Call Imp              Summ           ##......     10%         2    None
d - Repel Missiles        Chrm/Air       ###...       4%          2    None
e - Conjure Flame         Conj/Fire      ######..     1%          3    None
f - Mephitic Cloud        Conj/Pois/Air  ####....     4%          3    None
g - Shock                 Conj/Air       ####         1%          1    None


Dungeon Overview and Level Annotations

Branches:
Dungeon (10/15)            Temple (1/1) D:6
   Lair: D:8-11         Orc: D:9-12

Altars:
Ashenzari
Cheibriados
Dithmenos
Elyvilon
Fedhas
Gozag
Hepliaklqana
Kikubaaqudgha
Makhleb
Nemelex Xobeh
Okawaru
Pakellas
Qazlal
Ru
Sif Muna
Trog
Uskayaw
Vehumet
Xom
Yredelemnul
Zin
The Shining One

Shops:
D:4 }   D:5 [


Innate Abilities, Weirdness & Mutations

You can breathe blasts of scalding, opaque steam.
Your pale cyan-grey scales are hard. (AC +7)
Your body does not fit into most forms of armour.
You are cold-blooded and may be slowed by cold attacks.


Message History

You hit the kobold demonologist.
The kobold demonologist is severely wounded.
The shadow imp disappears in a puff of smoke!
The sixfirhy hits you. The sixfirhy shocks you!
The sixfirhy closely misses you.
The kobold demonologist barely misses you.
You block the quasit's attack.
The quasit claws you but does no damage.
The quasit completely misses you. The sixfirhy hits you.
* * * LOW HITPOINT WARNING * * *
The sixfirhy shocks you!
* * * LOW HITPOINT WARNING * * *
The kobold demonologist mumbles some strange words.
Okay, then.
Casting: Conjure Flame
Confirm with . or Enter, or press ? or * to list all spells.
You blink.
The sixfirhy hits you.
* * * LOW HITPOINT WARNING * * *
The sixfirhy shocks you!
You die...

#.###### ###### #......#
########## .....#
######'########....)...#
.....#####....5...##.'...K....#
.....'..##.....G..##K#........#
.....##.##.......§##)#........#
[....##..#......§§#5.#........###
.....###.'......54K3##......K...#
.<...# ###......@§####........#.#
###### ########## ##########.#
###.# #.#4# ###...# ##.....# #
##.....## ... ###.4...##
.K...###......##


You could see a kobold demonologist, an eye of draining, a sixfirhy, a smoke
demon, 2 quasits and a crimson imp.

Vanquished Creatures
  A kobold demonologist (D:10)
  Sigmund (D:6)
  6 yaks (D:10)
  Duvessa (D:4)
  2 orc warriors
  3 sky beasts
  2 ice beasts
  A wasp (D:8)
  2 phantoms
  4 ogres
  3 centaurs
  2 big kobolds (D:10)
  5 giant frogs
  Dowan (D:4)
  3 scorpions
  4 killer bees
  A water moccasin skeleton (D:8)
  3 wights (D:9)
  6 howler monkeys
  4 crimson imps
  A jelly (D:5)
  4 hounds
  3 orc priests
  Crazy Yiuf (D:3)
  A giant frog skeleton (D:8)
  6 orc wizards
  An iguana (D:10)
  6 worker ants
  A killer bee zombie (D:9)
  A hound skeleton (D:5)
  2 worker ant zombies
  Robin (D:2)
  3 gnolls (D:8)
  9 adders
  3 shadow imps
  An adder zombie (D:7)
  2 adder skeletons
  5 dart slugs
  9 giant geckos
  29 orcs
  13 bats
  4 giant cockroaches
  17 goblins
  14 hobgoblins
  15 jackals
  10 kobolds
  3 quokkas
  2 ball pythons
  6 giant newts
  11 rats
239 creatures vanquished.

Vanquished Creatures (others)
  The ghost of sergedm the Thaumaturge, a novice DECj (D:4)
  A fulminant prism (D:4)
2 creatures vanquished.

Grand Total: 241 creatures vanquished

Notes
Turn   | Place    | Note
-------+----------+-------------------------------------------
     0 | D:1      | grendalor the Draconian Wizard began the quest for the Orb.
     0 | D:1      | Reached XP level 1. HP: 14/14 MP: 4/4
   325 | D:1      | Reached XP level 2. HP: 20/20 MP: 3/6
  1162 | D:2      | Reached XP level 3. HP: 11/26 MP: 0/8
  1563 | D:2      | Found a white marble altar of Elyvilon.
  2099 | D:2      | Noticed Robin
  2108 | D:2      | Reached XP level 4. HP: 33/33 MP: 5/9
  2427 | D:2      | Reached skill level 1 in Shields
  2773 | D:2      | Killed Robin
  3427 | D:3      | Learned a level 2 spell: Blink
  3430 | D:3      | Learned a level 2 spell: Call Imp
  3433 | D:3      | Learned a level 2 spell: Repel Missiles
  3626 | D:3      | Learned a level 3 spell: Mephitic Cloud
  3754 | D:3      | Reached XP level 5. HP: 38/38 MP: 6/11
  3989 | D:3      | Found a faded altar of an unknown god.
  4794 | D:3      | Found a runed door.
  5376 | D:3      | Noticed Crazy Yiuf
  5388 | D:3      | Killed Crazy Yiuf
  5388 | D:3      | Reached XP level 6. HP: 39/45 MP: 6/12
  5531 | D:4      | Noticed sergedm's ghost (novice DECj)
  5553 | D:5      | Entered Level 5 of the Dungeon
  5649 | D:5      | Learned a level 3 spell: Conjure Flame
  6152 | D:5      | Found Naofim's Armour Shop.
  6510 | D:5      | Reached skill level 5 in Spellcasting
  6665 | D:4      | Found Enwuor's Gadget Emporium.
  6685 | D:4      | Noticed Duvessa
  6685 | D:4      | Noticed Dowan
  6742 | D:4      | Killed Duvessa
  6742 | D:4      | Your scales start taking on a pale cyan-grey colour.
  6742 | D:4      | Reached XP level 7. HP: 41/50 MP: 2/14
  6807 | D:4      | Killed Dowan
  6886 | D:4      | Reached skill level 5 in Conjurations
  7127 | D:4      | Identified the Almanac of Contamination and the Voyage
  7369 | D:4      | Killed sergedm's ghost
  7538 | D:4      | Reached skill level 1 in Air Magic
  7704 | D:4      | Reached skill level 1 in Fire Magic
  8011 | D:5      | Reached XP level 8. HP: 56/57 MP: 11/16
  8533 | D:6      | Noticed Sigmund
  8560 | D:6      | Killed Sigmund
  8788 | D:6      | Found a staircase to the Ecumenical Temple.
  8797 | Temple   | Entered the Ecumenical Temple
  9058 | Temple   | Became a worshipper of Vehumet
 10228 | D:7      | Reached XP level 9. HP: 62/62 MP: 9/19
 11603 | D:8      | Reached skill level 5 in Shields
 11931 | D:8      | Reached skill level 5 in Fire Magic
 11984 | D:8      | Reached * piety under Vehumet
 11984 | D:8      | Offered knowledge of Sandblast by Vehumet.
 14179 | D:9      | Reached XP level 10. HP: 69/69 MP: 1/21
 14802 | D:10     | Entered Level 10 of the Dungeon
 15091 | D:10     | Reached ** piety under Vehumet
 15106 | D:10     | Offered knowledge of Shock by Vehumet.
 15205 | D:10     | Learned a level 1 spell: Shock
 15345 | D:10     | Noticed a sixfirhy
 15351 | D:10     | Noticed a smoke demon
 15351 | D:10     | Slain by a sixfirhy

Vault maps used:
D:1:      lightli_arrival_statue_moat, minmay_tetromino_t2
D:2:      kennysheep_six_static_rooms, elyvilon_altar_1, minmay_unequal,
          uniq_robin
D:3:      ecumenical_altar_1, first_bread, uniq_crazy_yiuf_cottage
D:4:      serial_shops, kennysheep_mini_moat, uniq_duvessa
D:5:      serial_shops, nicolae_shop_window_shopping
D:6:      uniq_sigmund
D:9:      grunt_ogre_cave
D:10:     minmay_lair_entry_lava, nicolae_tso_carved_into_rock
Temple:   roderic_octagonal_lattice_temple

Skill      XL: |  1  2  3  4  5  6  7  8  9 10 |
---------------+-------------------------------+-----
Dodging        | 2 3 |  3.6
Stealth        | 2 |  2.3
Conjurations   | 2 3 4 5 6 7 8 |  8.0
Shields        | 1 2 3 4 5 |  5.0
Spellcasting   | 4 5 6 7 8 |  8.4
Air Magic      | 1 3 4 |  4.8
Fire Magic     | 1 4 6 7 |  7.0
Unarmed Combat | |  0.2
Summonings     | |  1.0
Translocations | |  1.0

Action                   |  1- 3 |  4- 6 |  7- 9 | 10-12 || total
-------------------------+-------+-------+-------+-------++-------
Melee: Unarmed           |    59 |       |       |       ||    59
       Tailslap          |     5 |     6 |    14 |     4 ||    29
       Short sword       |    17 |   120 |   204 |       ||   341
       Staff             |       |       |    17 |    43 ||    60
 Cast: Magic Dart        |    96 |   172 |   256 |    33 ||   557
       Repel Missiles    |       |     1 |     1 |       ||     2
       Mephitic Cloud    |       |     4 |    30 |     6 ||    40
       Blink             |       |     3 |    10 |     1 ||    14
       Conjure Flame     |       |       |    47 |    14 ||    61
       Call Imp          |       |       |     3 |       ||     3
  Use: Scroll            |     7 |     5 |    13 |       ||    25
 Stab: Distracted        |       |     1 |       |       ||     1
       Confused          |       |     3 |     4 |     1 ||     8
  Eat: Chunk             |     4 |    14 |    19 |     4 ||    41
       Meat ration       |       |       |     1 |       ||     1
Armor: Skin              |    44 |    61 |    79 |    16 ||   200
Dodge: Dodged            |    73 |    83 |    98 |    32 ||   286
       Deflected         |       |     1 |       |     2 ||     3
Block: Buckler           |       |    17 |    53 |     8 ||    78
